 Dungeon Crawl Stone Soup version 0.32-a0-471-gb91d5d9764 (webtiles) character file.

Game seed: 3198023385930550080

83925 mopl the Covert (level 15, -26/118 HPs)
             Began as a Red Draconian Enchanter on Feb 24, 2024.
             Was the Champion of Dithmenos.
             Annihilated by a cane toad (56 damage)
             ... on level 5 of the Lair of Beasts on Feb 25, 2024.
             The game lasted 00:50:55 (19257 turns).

mopl the Covert (Red Draconian Enchanter)          Turns: 19257, Time: 00:50:55

Health: -26/118    AC: 13    Str: 11    XL:     15   Next: 33%
Magic:  7/30       EV:  2    Int: 21    God:    Dithmenos [******]
Gold:   994        SH:  0    Dex: 13    Spells: 16/36 levels left

rFire   + . .        a - +1 dagger (protect)
rCold   + . .        (no shield)
rNeg    . . .        (body armour unavailable)
rPois   .            (helmet restricted)
rElec   .            o - scarf {+Inv}
rCorr   .            N - +2 pair of gloves
SInv    .            A - +0 pair of boots
Will    ++...        (no amulet)
Stlth   ++++++++++   I - ring of willpower
HPRegen 0.39/turn    M - ring of protection from cold
MPRegen 0.22/turn

%: no passive effects
@: about to teleport, sleeping, slowed, wreathed by umbra
A: breathe fire, AC +9, unfitting armour, fire resistance 1, cold-blooded
a: Breathe Fire, Renounce Religion, Evoke Invisibility, Shadow Step, Shadow Form


You were on level 5 of the Lair of Beasts.
You worshipped Dithmenos.
Dithmenos was exalted by your worship.
You visited 3 branches of the dungeon, and saw 17 of its levels.
You also visited: Sewer and Bailey.

You collected 1571 gold pieces.
You spent 577 gold pieces at shops.

Inventory:

Hand Weapons
 a - a +1 dagger of protection (weapon)
 U - the +11 lajatang "Mykef" {elec, rF+ rN+}
   (You found it on level 9 of the Dungeon)

   rF+:       It protects you from fire.
   rN+:       It protects you from negative energy.
 V - a +7 spear of freezing
 Z - a +0 short sword of venom
Missiles
 n - 3 darts of dispersal
 z - 41 poisoned darts
 D - a curare-tipped dart
 F - a boomerang
 L - 3 javelins
Armour
 o - a scarf of invisibility (worn)
 A - a +0 pair of boots (worn)
 B - a +0 buckler
 N - a +2 pair of gloves (worn)
 S - a +1 cloak
Jewellery
 c - a ring of positive energy
 l - a ring of resist corrosion
 p - a ring of protection from fire
 x - a ring of flight
 I - a ring of willpower (left hand)
 M - a ring of protection from cold (right hand)
Wands
 b - a wand of charming (6)
 u - a wand of flame (28)
 v - a wand of roots (16)
 G - a wand of quicksilver (14)
 T - a wand of mindburst (17)
 W - a wand of digging (6)
 Y - a wand of polymorph (6)
Scrolls
 e - 2 scrolls of poison
 f - a scroll of revelation
 j - 5 scrolls of noise {unknown}
 k - 4 scrolls of teleportation
 m - 4 scrolls of amnesia {unknown}
 s - 2 scrolls of summoning {unknown}
 t - 2 scrolls of vulnerability {unknown}
 w - 3 scrolls of silence {unknown}
 y - 4 scrolls of fog {unknown}
 H - a scroll of fear
Potions
 d - a potion of lignification {!q}
 g - 4 potions of curing
 h - 4 potions of enlightenment
 i - 5 potions of heal wounds
 q - 4 potions of invisibility
 r - a potion of magic
 C - 6 potions of haste
 E - 4 potions of cancellation
 J - a potion of mutation {!q}
 O - 6 potions of brilliance
 P - 3 potions of might
 Q - 2 potions of resistance
 X - 2 potions of berserk rage {!q}
Miscellaneous
 K - a tin of tremorstones (2/2)


   Skills:
 + Level 7.3 Fighting
 + Level 9.5 Short Blades
 + Level 5.8 Throwing
 - Level 1.7 Dodging
 * Level 13.4 Stealth
 - Level 11.0 Spellcasting
 * Level 12.3 Hexes
 - Level 6.0 Invocations
 * Level 7.5 Evocations


You had 16 spell levels left.
You knew the following spells:

 Your Spells              Type           Power      Damage    Failure   Level
a - Dazzling Flash        Conj/Hex       74%        N/A       1%          3
b - Ensorcelled Hibernat  Hex/Ice        74%        N/A       1%          2
c - Confusing Touch       Hex            58%        N/A       1%          3
d - Tukima's Dance        Hex            58%        N/A       1%          3
g - Sigil of Binding      Hex            58%        N/A       1%          3
s - Slow                  Hex            100%       N/A       1%          1
S - Silence               Hex/Air        18%        N/A       13%         5

Your spell library contained the following spells:

 Spells                   Type           Power      Damage    Failure   Level
 Necrotise                Necr           44%        1d6       6%          1
 Shock                    Conj/Air       44%        1d5       6%          1
 Static Discharge         Conj/Air       22%        3-4/arc   9%          2
 Fugue of the Fallen      Necr           11%        N/A       17%         3
 Gell's Gravitas          Tloc           11%        N/A       17%         3
 Mephitic Cloud           Conj/Alch/Air  11%        N/A       17%         3
 Ozocubu's Armour         Ice            11%        N/A       17%         3
 Swiftness                Air            11%        N/A       17%         3
 Teleport Other           Tloc           11%        N/A       17%         3
 Vampiric Draining        Necr           11%        2d6       17%         3
 Airstrike                Air            5%         2d(1-17)  50%         4
 Manifold Assault         Tloc           11%        N/A       50%         4
 Martyr's Knell           Necr/Summ      11%        N/A       50%         4
 Summon Lightning Spire   Summ/Air       11%        N/A       50%         4
 Curse of Agony           Necr           11%        N/A       85%         5
 Dispersal                Tloc           5%         N/A       100%        6
 Disjunction              Tloc           5%         N/A       100%        8


Dungeon Overview and Level Annotations

Branches:
Dungeon (11/15)            Temple (1/1) D:4            Lair (5/5) D:11
  Swamp (0/4) Lair:2        Snake (0/4) Lair:3        Slime (0/5) Lair:4
    Orc (0/2) D:9           Sewer (visited)          Bailey (visited)

Altars:
Ashenzari
Cheibriados
Dithmenos
Elyvilon
Fedhas
Gozag
Hepliaklqana
Kikubaaqudgha
Makhleb
Nemelex Xobeh
Okawaru
Qazlal
Ru
Sif Muna
Trog
Uskayaw
Vehumet
Wu Jian
Xom
Yredelemnul
Zin
The Shining One

Shops:
D:1 (   D:7 [   D:10 [   D:11 !

Annotations:
D:9 1 runed translucent door, Konar's ghost, novice CoHu


Innate Abilities, Weirdness & Mutations

You can breathe blasts of fire.
Your fiery red scales are hard. (AC +9)
You cannot fit into any form of body armour.
Your flesh is heat resistant. (rF+)
You are cold-blooded and may be slowed by cold attacks.


Message History

As you read the scroll labelled NOOCHAOZIJ, it crumbles to dust.
You feel strangely unstable.
It was a scroll of teleportation.
You feel sick. The hornet barely misses you. The hornet stings you!
You feel as though you will be slow longer.
The spriggan rider barely misses you.
The hornet stings you but does no damage.
Your surroundings suddenly seem different.
A cane toad and 4 yaks come into view.
Found 4 stones.
You feel sick.
A yak comes into view.
The cane toad gives a loud, deep croak!
The cane toad stings you!
You are more poisoned.
The cane toad poisons you!
A yak comes into view.
The yak moves out of view.
You hear a bellow!
The yak bellows! x2; You hear a bleat!
The dream sheep bleats! x2; The yak bellows!
The dream sheep bleats! x4
Unknown command.
Unknown command.
Unknown command.
Okay, then.
As you read the scroll of teleportation, it crumbles to dust.
You feel strangely unstable.
You feel very sick.
The dream sheep bleats!
The yak bellows!
You hear a shout!
The cane toad stings you.
* * * LOW HITPOINT WARNING * * *
You emit a cloud of dark smoke.
A spriggan comes into view. It is wielding a +0 dagger.
The cane toad stings you.
* * * LOW HITPOINT WARNING * * *
The spriggan shouts!
Unknown command.
You feel better.
You hear an angry growl.
The dream sheep shake their wool and sparkle.
You feel drowsy...
You fall asleep.
The cane toad stings you!!!
You die...

.#.P..#.P..#.#..#....
........................
~.~.............#......(
~~~~/..FY..h..........(.
≈≈≈~~..S..#.Y........(..
≈~~≈~~~#..Y.PY......(...
..~≈~~~##.....#.§§§.(...
<.~≈~~.#....YY#§§F§.(...
~.~~≈...#.YY.Y.§@#..
≈≈≈≈~~.....YY..§§Y..Y...
≈≈≈~.......YY.......(...
~~~~........#.#.###Y(Y..
~...†.†.##.###...# #(...
.#.†#............# i(..
####†.#..#..#.......
.(....
##.†##.##.#....##.##((((
#†## ## ## .####.......


You could see 4 yaks, a cane toad, a spriggan and 9 dream sheep.

Vanquished Creatures
  Nessos (Lair:4)
  6 hydras
  A catoblepas (Lair:3)
  A boulder beetle (Lair:2)
  4 death yaks
  4 skysharks
  2 spriggan druids (Lair:2)
  An orc knight (Bailey)
  4 elephants (Lair:5)
  18 cane toads
  5 black mambas
  Maggie (D:10)
  5 rime drakes
  4 torpor snails
  A kobold demonologist (D:11)
  7 komodo dragons
  7 trolls
  A polar bear (Lair:3)
  3 hornets
  16 blink frogs
  A dream sheep (Lair:5)
  3 slime creatures (D:9)
  2 shadows
  4 spriggans (Lair:5)
  91 yaks
  2 humans (D:7)
  4 wyverns
  3 wraiths
  Grum (D:9)
  2 steam dragons
  4 vampire mosquitoes (D:10)
  A basilisk (Lair:3)
  An acid dragon (D:11)
  13 water moccasins
  A swamp drake (D:9)
  3 ice beasts
  6 orc warriors
  3 black bears
  2 sky beasts
  33 wolves
  The ghost of Skimidon the Shooter, an amateur DrHu of Ashenzari (D:3)
  An ogre (D:4)
  A centaur (D:9)
  3 kobold brigands
  17 bullfrogs
  2 brain worms (Sewer)
  2 scorpions
  3 wights (D:8)
  6 killer bees (D:11)
  3 howler monkeys (D:10)
  3 electric eels
  2 bombardier beetles
  9 orc priests
  A hound (D:3)
  11 jellies
  4 gnoll boudas
  2 sleepcaps
  16 orc wizards
  4 iguanas
  11 adders
  32 gnolls
  5 river rats
  2 white imps
  4 ufetubi
  3 ribbon worms
  A dart slug (D:3)
  64 orcs
  12 endoplasms
  4 giant cockroaches
  6 hobgoblins
  5 jackals
  20 kobolds
  4 quokkas
  12 ball pythons
  9 bats
  5 frilled lizards
  19 goblins
  12 rats
593 creatures vanquished.

Vanquished Creatures (collateral kills)
  A rime drake (Lair:5)
  An orc warrior (D:6)
  2 ogres (D:3)
  2 gnoll sergeants
  5 wights (D:8)
  An orc priest (D:8)
  Crazy Yiuf (D:7)
  An orc wizard (D:9)
  6 gnolls
20 creatures vanquished.

Vanquished Creatures (others)
  7 dancing weapons
  An orc wizard (D:10)
8 creatures vanquished.

Grand Total: 621 creatures vanquished

Notes
Turn   | Place    | Note
-------+----------+-------------------------------------------
     0 | D:1      | mopl the Draconian Enchanter began the quest for the Orb.
     0 | D:1      | Reached XP level 1. HP: 14/14 MP: 3/3
   170 | D:1      | Reached XP level 2. HP: 19/20 MP: 5/5
   251 | D:1      | Reached skill level 3 in Stealth
   384 | D:1      | Reached skill level 3 in Hexes
   389 | D:1      | Found Golimm's Antique Weapon Boutique.
   404 | D:1      | Learned a level 2 spell: Ensorcelled Hibernation
   650 | D:2      | Reached XP level 3. HP: 26/26 MP: 6/6
   679 | D:2      | Learned a level 3 spell: Confusing Touch
  1028 | D:2      | Found a hide-covered altar of Uskayaw.
  1064 | D:2      | Reached XP level 4. HP: 11/33 MP: 5/8
  1131 | D:2      | Learned a level 3 spell: Tukima's Dance
  1780 | D:3      | Reached skill level 3 in Spellcasting
  1780 | D:3      | Reached XP level 5. HP: 32/38 MP: 3/9
  1923 | D:3      | Found a faded altar of an unknown god.
  2047 | D:3      | Reached skill level 4 in Stealth
  2220 | D:3      | Reached skill level 2 in Short Blades
  2341 | D:3      | Found a transporter.
  2341 | D:3      | Noticed Skimidon's ghost (amateur DrHu)
  2343 | D:3      | Found a transporter.
  2349 | D:3      | Noticed an ogre
  2352 | D:3      | Noticed an ogre
  2622 | D:4      | Found a staircase to the Ecumenical Temple.
  2695 | Temple   | Entered the Ecumenical Temple
  2749 | Temple   | Became a worshipper of Dithmenos the Shadowed
  2891 | D:4      | Noticed an ogre
  2926 | D:4      | Reached XP level 6. HP: 45/45 MP: 11/11
  2951 | D:4      | Learned a level 3 spell: Dazzling Flash
  2959 | D:4      | Reached skill level 4 in Hexes
  3166 | D:5      | Entered Level 5 of the Dungeon
  3223 | D:5      | Noticed an ice beast
  3293 | D:5      | Killed an ice beast
  3294 | D:5      | Reached skill level 4 in Spellcasting
  3294 | D:5      | Your scales start taking on a fiery red colour.
  3294 | D:5      | Reached XP level 7. HP: 50/50 MP: 6/13
  3294 | D:5      | Gained mutation: Your flesh is heat resistant. (rF+) [Red
                  | Draconian growth]
  3402 | D:5      | Reached skill level 5 in Stealth
  3431 | D:5      | Found a glowing drain.
  3470 | Sewer    | Entered a sewer
  3579 | Sewer    | Reached * piety under Dithmenos
  3622 | Sewer    | Reached skill level 3 in Short Blades
  3710 | Sewer    | Reached skill level 5 in Hexes
  4546 | D:5      | Reached XP level 8. HP: 57/57 MP: 15/15
  4791 | D:6      | Reached ** piety under Dithmenos
  4794 | D:6      | Reached skill level 5 in Spellcasting
  4829 | D:6      | Reached skill level 6 in Stealth
  5170 | D:6      | Reached skill level 4 in Short Blades
  5191 | D:6      | Reached skill level 6 in Hexes
  5546 | D:7      | Reached skill level 7 in Stealth
  5546 | D:7      | Reached skill level 6 in Spellcasting
  5546 | D:7      | Reached XP level 9. HP: 34/62 MP: 8/18
  5643 | D:7      | Found a runed translucent door.
  5747 | D:7      | Reached *** piety under Dithmenos
  5749 | D:7      | Found a flagged portal.
  5758 | Bailey   | Entered a bailey
  6037 | Bailey   | Noticed an orc knight
  6060 | Bailey   | Killed an orc knight
  6260 | D:7      | Found Ytao's Armour Shoppe.
  6347 | D:7      | Reached skill level 5 in Short Blades
  6347 | D:7      | Reached skill level 7 in Hexes
  6373 | D:7      | Found an iron altar of Okawaru.
  6403 | D:7      | Reached skill level 8 in Stealth
  6450 | D:7      | Reached skill level 7 in Spellcasting
  6850 | D:7      | Noticed Crazy Yiuf
  6955 | D:7      | Killed Crazy Yiuf
  7174 | D:8      | Reached **** piety under Dithmenos
  7176 | D:8      | Reached XP level 10. HP: 57/69 MP: 5/20
  7792 | D:8      | Reached skill level 8 in Hexes
  7817 | D:8      | Reached skill level 9 in Stealth
  7820 | D:8      | Reached skill level 6 in Short Blades
  8277 | D:8      | Reached skill level 8 in Spellcasting
  8432 | D:8      | Found a blossoming altar of Fedhas.
  8511 | D:9      | Found a runed translucent door.
  8512 | D:9      | Noticed Konar's ghost (novice CoHu)
  8523 | D:9      | Identified the +11 lajatang "Mykef" {elec, rF+ rN+}
  8614 | D:9      | Found a glowing golden altar of the Shining One.
  8630 | D:9      | Identified the +6 chain mail of Classification {Regen+ MP-9
                  | Str+3}
  9355 | D:9      | Reached XP level 11. HP: 74/74 MP: 20/23
  9357 | D:9      | Noticed Grum
  9369 | D:9      | Killed Grum
  9519 | D:9      | Reached ***** piety under Dithmenos
  9988 | D:9      | Found a staircase to the Orcish Mines.
 10200 | D:3      | Killed Skimidon's ghost
 10305 | D:10     | Entered Level 10 of the Dungeon
 10399 | D:10     | Reached skill level 9 in Hexes
 10494 | D:10     | Reached skill level 10 in Stealth
 10804 | D:10     | Noticed Maggie
 10811 | D:10     | Killed Maggie
 10881 | D:10     | Reached skill level 1 in Fighting
 10883 | D:10     | Reached skill level 1 in Invocations
 10886 | D:10     | Reached skill level 1 in Evocations
 10902 | D:10     | Reached skill level 1 in Throwing
 10904 | D:10     | Found a radiant altar of Vehumet.
 10980 | D:10     | Reached skill level 9 in Spellcasting
 11062 | D:10     | Reached skill level 7 in Short Blades
 11167 | D:10     | Reached skill level 2 in Fighting
 11180 | D:10     | Found Ocloaps's Antique Armour Emporium.
 11183 | D:10     | Bought a pair of embroidered gloves for 172 gold pieces
 11332 | D:11     | Reached skill level 2 in Invocations
 11443 | D:11     | Found a staircase to the Lair.
 11468 | D:11     | Found Obunibun's Distillery.
 11651 | D:11     | Bought a potion of brilliance for 60 gold pieces
 11651 | D:11     | Bought a potion of attraction for 45 gold pieces
 11651 | D:11     | Bought a potion of berserk rage for 75 gold pieces
 11651 | D:11     | Bought a potion of cancellation for 120 gold pieces
 11651 | D:11     | Bought a potion of might for 60 gold pieces
 11651 | D:11     | Bought a potion of curing for 45 gold pieces
 11658 | D:11     | Reached skill level 3 in Fighting
 11658 | D:11     | Reached skill level 2 in Throwing
 11658 | D:11     | Reached skill level 10 in Hexes
 11658 | D:11     | Reached skill level 3 in Invocations
 11658 | D:11     | Reached skill level 3 in Evocations
 11658 | D:11     | Reached XP level 12. HP: 89/89 MP: 25/25
 11659 | D:11     | Reached skill level 4 in Fighting
 11659 | D:11     | Reached skill level 3 in Throwing
 11659 | D:11     | Reached skill level 11 in Stealth
 11659 | D:11     | Reached skill level 10 in Spellcasting
 11659 | D:11     | Reached skill level 4 in Invocations
 11659 | D:11     | Reached XP level 13. HP: 99/99 MP: 25/27
 11902 | D:11     | Reached skill level 8 in Short Blades
 12727 | D:11     | Reached skill level 4 in Evocations
 12956 | Lair:1   | Entered Level 1 of the Lair of Beasts
 13114 | Lair:1   | Found the +8 mithril axe "Arga" {speed, Will+}
 13214 | Lair:1   | Learned a level 1 spell: Slow
 13218 | Lair:1   | Learned a level 3 spell: Sigil of Binding
 13225 | Lair:1   | Learned a level 5 spell: Silence
 13637 | Lair:1   | Reached skill level 5 in Fighting
 13846 | Lair:2   | Reached XP level 14. HP: 107/107 MP: 28/28
 14024 | Lair:2   | Reached skill level 4 in Throwing
 14133 | Lair:2   | Reached skill level 5 in Invocations
 14751 | Lair:2   | Reached skill level 12 in Stealth
 14751 | Lair:2   | Reached skill level 11 in Hexes
 14937 | Lair:2   | Reached ****** piety under Dithmenos
 15361 | Lair:2   | Reached skill level 5 in Evocations
 15612 | Lair:2   | Found a staircase to the Swamp.
 16011 | Lair:3   | Reached skill level 6 in Fighting
 16303 | Lair:3   | Found a staircase to the Snake Pit.
 16658 | Lair:3   | Reached skill level 6 in Invocations
 16767 | Lair:3   | Reached skill level 5 in Throwing
 17001 | Lair:4   | Reached skill level 11 in Spellcasting
 17047 | Lair:4   | Reached skill level 9 in Short Blades
 17081 | Lair:4   | Reached skill level 6 in Evocations
 17681 | Lair:4   | Found a staircase to the Slime Pits.
 17682 | Lair:4   | Noticed Nessos
 17818 | Lair:4   | Killed Nessos
 18137 | Lair:4   | Reached XP level 15. HP: 117/117 MP: 30/30
 18464 | Lair:5   | Entered Level 5 of the Lair of Beasts
 18473 | Lair:5   | Reached skill level 13 in Stealth
 18596 | Lair:5   | Reached skill level 12 in Hexes
 18643 | Lair:5   | Reached skill level 7 in Fighting
 18769 | Lair:5   | Reached skill level 7 in Evocations
 18839 | Lair:5   | Upgraded the game from 0.32-a0-468-g38b2580584 to
                  | 0.32-a0-471-gb91d5d9764
 18924 | Lair:5   | Paralysed by a hornet for 3 turns
 19251 | Lair:5   | Paralysed by a hornet for 2 turns
 19257 | Lair:5   | Annihilated by a cane toad

Illustrated notes

Levels and vault maps discovered:
D:1:      ncdulo_wetmaze, layout_rooms, serial_shops, shop, st_stairs_3,
          minmay_misc_feat_tiny
D:2:      layout_loops_ring, basic_altar, minmay_quadrilaterals
D:3:      minmay_general_purpose_star, layout_basic, basic_ecumenical_altar,
          gammafunk_ghost_smash, grunt_ministairs_9, lightli_corner_chamber
D:4:      layout_cave_pools, minmay_temple_entry_enclosed_plants,
          minmay_ogre_servants
D:5:      layout_basic, portal_sewer_entry_a
D:6:      layout_rooms
D:7:      layout_rooms, okawaru_humans, serial_shops,
          nicolae_shop_gibbet_a_chance, enter_bailey_3, serial_bayou,
          serial_bayou_pond_d, serial_bayou_lagoon_a, serial_bayou_pond_b,
          serial_bayou_ford_a, uniq_crazy_yiuf_cottage
D:8:      layout_basic, fedhas_altar_4, lemuel_flame_loot_1
D:9:      layout_layer_cave, kennysheep_mini_moat, erik_orc_1,
          ebering_ghost_reflecting_pool, uniq_grum
D:10:     layout_basic, lemuel_tele_altar, serial_shops, nicolae_shop_stone,
          uniq_maggie
D:11:     minmay_polygon_palace, layout_layer_cave, lair_entry_dummy,
          serial_shops, nicolae_shop_tiny_waterfront
Temple:   dpeg_five_rooms_temple
Lair:1:   layout_chaotic_city, grunt_megastairs_5
Lair:2:   layout_loops_ring, mainiacjoe_swamp_entry_angry_trees,
          guppyfry_lair_drakes, grunt_megastairs_4, serial_bayou_shore_a
Lair:3:   layout_chaotic_city, dummy_snake_entry, minmay_shattered_shrine
Lair:4:   layout_hall_layers, nicolae_slime_entry_slimehenge, uniq_nessos
Lair:5:   minmay_lair_end_enchanted_forest, layout_loops_ring,
          grunt_megastairs_2, serial_bayou_shore_b, lemuel_fruit_tree,
          serial_bayou_shore_b, infiniplex_staircase_pool_2, lemuel_fruit_fields

Skill      XL: |  1  2  3  4  5  6  7  8  9 10 11 12 13 14 15 |
---------------+----------------------------------------------+-----
Stealth        | 3 4 5 7 8 9 10 11 12 13 | 13.4
Hexes          | 3 4 5 6 7 8 10 11 12 | 12.3
Spellcasting   | 3 4 6 7 8 9 10 11 | 11.0
Short Blades   | 2 3 4 5 6 7 8 9 |  9.5
Fighting       | 3 4 5 6 7 |  7.3
Invocations    | 3 4 6 |  6.0
Evocations     | 3 4 6 7 |  7.5
Throwing       | 2 3 5 |  5.8
Dodging        | |  1.7

Action                     |  1- 3 |  4- 6 |  7- 9 | 10-12 | 13-15 || total
---------------------------+-------+-------+-------+-------+-------++-------
  Melee: Dagger            |   176 |   237 |   383 |   357 |   488 ||  1641
         Tailslap          |    16 |    32 |    53 |    58 |    58 ||   217
   Cast: Ensorcelled Hiber |     1 |    25 |    90 |    88 |   265 ||   469
         Confusing Touch   |       |     4 |     6 |    14 |     7 ||    31
         Tukima's Dance    |       |     1 |    21 |    20 |       ||    42
         Dazzling Flash    |       |       |       |     1 |     1 ||     2
Ability: Breathe Fire      |       |       |    36 |    29 |    23 ||    88
         Evoke Invisibilit |       |       |       |       |     1 ||     1
  Evoke: Wand              |       |       |       |       |     4 ||     4
    Use: Scroll            |       |       |       |     6 |     9 ||    15
         Potion            |       |       |       |     4 |     2 ||     6
   Stab: Sleeping          |     7 |    19 |    64 |    60 |   213 ||   363
         Confused          |       |     1 |     4 |     7 |     5 ||    17
         Invisible         |       |       |       |     1 |     8 ||     9
 Armour: Skin              |    97 |   113 |   217 |   243 |   426 ||  1096
  Dodge: Dodged            |   111 |   135 |   262 |   200 |   328 ||  1036

Table legend: (Time is in decaauts)
 A = Elapsed time spent in this place.
 B = Non-inter-level travel time spent in this place.
 C = Inter-level travel time spent in this place.
 D = Time resting spent in this place.
 E = Time spent auto-exploring this place.
 F = Levels seen in this place.
 G = Mean time per level.
                   A        B        C        D        E       F      G
               +--------+--------+--------+--------+--------+-----+--------+
         Total |  18931 |  18057 |    874 |   3480 |   8521 |  19 |  996.4 |
       Dungeon |  11502 |  10914 |    588 |   1368 |   6013 |  11 | 1045.6 |
        Temple |    106 |      2 |    104 |      0 |      0 |   1 |  106.0 |
          Lair |   6172 |   5991 |    181 |   1938 |   2238 |   5 | 1234.4 |
         Sewer |    660 |    660 |      0 |      6 |    261 |   1 |  660.0 |
        Bailey |    488 |    488 |      0 |    168 |      8 |   1 |  488.0 |
               +--------+--------+--------+--------+--------+-----+--------+

Top non-repeatable levels by time:
     D:9: 1718 daAuts
    D:11: 1608 daAuts
  Lair:2: 1521 daAuts
  Lair:3: 1471 daAuts
  Lair:1: 1263 daAuts
     D:8: 1257 daAuts
     D:7: 1187 daAuts
  Lair:4: 1148 daAuts
     D:3: 1016 daAuts
     D:2: 908 daAuts
     D:4: 898 daAuts
    D:10: 818 daAuts
     D:5: 783 daAuts
  Lair:5: 767 daAuts
     D:6: 671 daAuts
